 Dungeon Crawl Stone Soup version 0.29.0-4-gdea44cf6ec (webtiles) character file.

Game seed: 4988024926754621769

75 qw the Chopper (level 4, -3/26 HPs)
             Began as a Tengu Warper on Aug 28, 2022.
             Slain by a gnoll
             ... wielding a +0 spear
              (6 damage)
             ... on level 2 of the Dungeon.
             The game lasted 00:00:08 (1540 turns).

qw the Chopper (Tengu Warper)                       Turns: 1540, Time: 00:00:09

Health: -3/26      AC:  4    Str: 13 (14) XL:     4   Next: 31%
Magic:  8/8        EV: 11    Int: 11 (13) God:
Gold:   23         SH:  0    Dex: 12 (13) Spells: 7/7 levels left

rFire   . . .      SeeInvis .   Y - +1 hand axe
rCold   + . .      Faith    .   (no shield)
rNeg    . . .      Spirit   .   b - +0 leather armour
rPois   .          Reflect  .   (helmet restricted)
rElec   .          Harm     .   (no cloak)
rCorr   .          Rampage  .   f - +0 pair of gloves
Will    .....                   (boots unavailable)
Stlth   +.........              (no amulet)
HPRegen 0.08/turn               i - ring of protection from cold
MPRegen 0.11/turn               (no ring)

@: no status effects
A: beak, talons 3
a: no special abilities


You were on level 2 of the Dungeon.
You visited 1 branch of the dungeon, and saw 2 of its levels.

You collected 23 gold pieces.


Innate Abilities, Weirdness & Mutations

You have a beak for a mouth.
You have claws for feet.


   Skills:
 - Level 2.0 Fighting
 + Level 4.9 Axes
 - Level 1.0 Throwing
 - Level 1.1 Armour
 - Level 2.1 Dodging
 - Level 2.0 Spellcasting
 - Level 2.4 Translocations


You had 7 spell levels left.
You didn't know any spells.
Your spell library contained the following spells:

 Spells                   Type           Power      Damage    Failure   Level
 Blink                    Tloc           12%        N/A       22%         2
 Gell's Gravitas          Tloc           6%         N/A       38%         3
 Lesser Beckoning         Tloc           6%         N/A       38%         3
 Teleport Other           Tloc           6%         N/A       38%         3
 Manifold Assault         Tloc           6%         N/A       98%         5

Inventory:

Hand Weapons
 d - a +0 whip
 Y - a +1 hand axe (weapon)
Missiles
 c - 2 boomerangs (quivered)
Armour
 b - a +0 leather armour (worn)
 f - a +0 pair of gloves (worn)
Jewellery
 i - a ring of protection from cold (left hand)
Scrolls
 a - a scroll of identify
Potions
 e - a potion of flight {unknown}
 g - a potion of lignification {unknown}
 j - a potion of attraction {unknown}

Dungeon Overview and Level Annotations

Branches:
Dungeon (2/15)

Altars:


Message History

The kobold closely misses you.
An endoplasm comes into view.
The endoplasm quivers.
You hit the gnoll. You claw the gnoll. Your peck misses the gnoll.
The gnoll is almost dead.
You hit the kobold. The kobold hits you but does no damage.
The gnoll barely misses you.
You hit the gnoll but do no damage.
The gnoll is almost dead.
You hit the kobold.
You kill the kobold!
The gnoll misses you.
You slash the gnoll!
You kill the gnoll!
You feel your strength returning.
You have reached level 4!
You feel stronger.
You hit the gnoll. You peck the gnoll.
The gnoll is severely wounded.
The gnoll barely misses you.
You barely miss the gnoll. You claw the gnoll.
You kill the gnoll!
You hit the goblin.
The gnoll hits you from afar with a +0 spear.
The goblin hits you with a +0 club.
You hit the goblin.
You kill the goblin!
The gnoll barely misses you.
You slash the endoplasm!
You kill the endoplasm!
The gnoll hits you from afar with a +0 spear.
The gnoll hits you with a +0 spear!
Things that are here:
a +0 flail; a +0 short sword; a gnoll corpse You hit the gnoll but do no damage.
You claw the gnoll.
The gnoll is lightly wounded.
The gnoll hits you with a +0 spear.
You closely miss the gnoll.
The gnoll is lightly wounded.
The gnoll closely misses you. The gnoll hits you with a +0 spear.
You die...

#.......#
.......
.##..##.#.#
.......
..........#
.......
..#####.###
.).....
#.....#
.......
#.#####
.!..... #.#
.^^...g####.#
#....@....#
#....).####
#P......#
#P.......#
...#.....#
..#....(.#
....######
..#


You could see a gnoll.

Vanquished Creatures
  3 gnolls
  A worm (D:2)
  A dart slug (D:1)
  A ball python (D:1)
  3 endoplasms
  2 giant cockroaches (D:1)
  6 goblins
  4 hobgoblins (D:1)
  4 jackals
  A quokka (D:1)
  4 bats (D:1)
  4 frilled lizards (D:1)
  4 kobolds
  2 rats
40 creatures vanquished.

Notes
Turn   | Place    | Note
-------+----------+-------------------------------------------
     0 | D:1      | qw the Tengu Warper began the quest for the Orb.
     0 | D:1      | Reached XP level 1. HP: 12/12 MP: 4/4
     0 | D:1      | 0 ||| qw: Version: 0.1-a-89-g26bdef1
     0 | D:1      | 0 ||| qw: Game counter: 1919
     0 | D:1      | 0 ||| qw: Always use a shield: true
     0 | D:1      | 0 ||| qw: God list: Okawaru
     0 | D:1      | 0 ||| qw: Allow faded altars: false
     0 | D:1      | 0 ||| qw: Do Orc after D:15 true
     0 | D:1      | 0 ||| qw: Do second Lair branch before Depths: true
     0 | D:1      | 0 ||| qw: Lair rune preference: random
     0 | D:1      | 0 ||| qw: Plans: Normal
     0 | D:1      | 0 ||| PLANNING D:1-11
   145 | D:1      | 145 ||| Stepping ~*~*~tactically~*~*~ (stealth).
   146 | D:1      | 146 ||| Stepping ~*~*~tactically~*~*~ (stealth).
   147 | D:1      | 147 ||| Stepping ~*~*~tactically~*~*~ (stealth).
   148 | D:1      | 148 ||| Stepping ~*~*~tactically~*~*~ (stealth).
   172 | D:1      | 172 ||| Stepping ~*~*~tactically~*~*~ (stealth).
   173 | D:1      | 173 ||| Stepping ~*~*~tactically~*~*~ (stealth).
   179 | D:1      | HP: 2/12 [quokka (4)]
   181 | D:1      | Reached XP level 2. HP: 3/17 MP: 6/6
   184 | D:1      | HP: 1/17 [quokka (1)]
   188 | D:1      | Reached skill level 3 in Axes
   565 | D:1      | 565 ||| Stepping ~*~*~tactically~*~*~ (stealth).
   657 | D:1      | Reached XP level 3. HP: 11/21 MP: 7/7
   833 | D:1      | 833 ||| Stepping ~*~*~tactically~*~*~ (stealth).
   941 | D:1      | Reached skill level 4 in Axes
   950 | D:1      | 950 ||| Stepping ~*~*~tactically~*~*~ (stealth).
   951 | D:1      | 951 ||| Stepping ~*~*~tactically~*~*~ (stealth).
   962 | D:1      | 962 ||| Stepping ~*~*~tactically~*~*~ (stealth).
   963 | D:1      | 963 ||| Stepping ~*~*~tactically~*~*~ (stealth).
   985 | D:1      | 985 ||| Stepping ~*~*~tactically~*~*~ (stealth).
   992 | D:1      | 992 ||| Stepping ~*~*~tactically~*~*~ (stealth).
  1335 | D:1      | 1335 ||| UPGRADING to +0 pair of gloves.
  1340 | D:1      | 1340 ||| UPGRADING to ring of protection from cold.
  1341 | D:1      | 1341 ||| READING 2 scrolls labelled KEXZAMMIAGO.
  1342 | D:1      | 1342 ||| READING scroll labelled RUUDUA DYNOPNU.
  1343 | D:1      | 1343 ||| READING scroll labelled FEMAPO SEOCAUJU.
  1344 | D:1      | 1344 ||| READING scroll labelled WADAXA SIGIG.
  1345 | D:1      | 1345 ||| DRINKING 2 lumpy pink potions.
  1346 | D:1      | 1346 ||| DROPPING scroll of blinking.
  1347 | D:1      | 1347 ||| DROPPING potion of degeneration.
  1406 | D:2      | 1406 ||| STAIRDANCE
  1526 | D:2      | 1526 ||| Stepping ~*~*~tactically~*~*~ (stealth).
  1534 | D:2      | Reached XP level 4. HP: 23/26 MP: 8/8
  1538 | D:2      | HP: 5/26 [gnoll/+0 spear (7)]
  1540 | D:2      | Slain by a gnoll

Levels and vault maps discovered:
D:1:      dpeg_arrival_circle_labyrinth_c, layout_rooms, minmay_cut_off
D:2:      layout_basic, serial_shops, shop, shapermc_ecumenical_altar_rom_forum

Skill      XL: |  1  2  3 |
---------------+----------+-----
Axes           | 3 4 |  4.9
Fighting       | |  2.0
Throwing       | |  1.0
Armour         | |  1.1
Dodging        | |  2.1
Spellcasting   | |  2.0
Translocations | |  2.4

Action                   |  1- 3 |  4- 6 || total
-------------------------+-------+-------++-------
Melee: Hand axe          |    73 |     6 ||    79
       Kick              |    15 |     2 ||    17
       Peck              |    10 |     1 ||    11
Throw: Boomerang         |    12 |       ||    12
  Use: Scroll            |     4 |       ||     4
       Potion            |     1 |       ||     1
 Stab: Sleeping          |     2 |       ||     2
Armor: Leather armour    |    11 |       ||    11
Dodge: Dodged            |    36 |     3 ||    39

Table legend:
 A = Non-vault XP
 B = Vault XP
 C = Vault XP percentage of total XP
 D = Non-vault monster count
 E = Vault monster count
 F = Vault count percentage of total count
                 A         B        C        D         E       F
            +---------+---------+-------+---------+---------+-------
      Total |      88 |      20 |  18.5 |      36 |       4 |  10.0
            +---------+---------+-------+---------+---------+-------
        D:1 |      45 |      20 |  30.8 |      27 |       4 |  12.9
        D:2 |      43 |       0 |   0.0 |       9 |       0 |   0.0
            +---------+---------+-------+---------+---------+-------
